 Dungeon Crawl Stone Soup version 0.18.1-48-g4cf74bf (webtiles) character file.

12114 sarahorange the Nimble (level 11, -1/89 HPs)
             Began as a Demonspawn Assassin on July 17, 2016.
             Was a Priest of Nemelex Xobeh.
             Slain by a komodo dragon (16 damage)
             ... on level 1 of the Lair of Beasts on July 18, 2016.
             The game lasted 02:36:09 (18005 turns).

sarahorange the Nimble (Demonspawn Assassin)       Turns: 18005, Time: 02:36:09

Health: -1/89      AC: 16    Str: 16    XL:     11   Next: 58%
Magic:  13/13      EV: 16    Int: 18    God:    Nemelex Xobeh [***...]
Gold:   413        SH:  4    Dex: 18    Spells: 1 memorised, 10 levels left

rFire  . . .     SeeInvis +     a - +3 morningstar
rCold  . . .     Gourm    .     j - +1 ring mail "Vuliph" {Int+6 Dex+4 SInv}
rNeg   . . .     Faith    .     v - +0 buckler
rPois  +         Spirit   .     (helmet restricted)
rElec  .         Dismiss  +     d - +1 cloak
rCorr  .         Reflect  .     w - +1 pair of gloves
SustAt .         Harm     .     (no boots)
MR     .....                    I - amulet of dismissal
Stlth  +++.......               U - +2 ring of protection
                                O - ring of poison resistance

@: about to teleport, not resistant to hostile enchantments, fairly stealthy
A: antennae 2, rugged brown scales 3, foul stench 1, rot immunity
a: Triple Draw, Renounce Religion


You were on level 1 of the Lair of Beasts.
You worshipped Nemelex Xobeh.
Nemelex Xobeh was most pleased with you.
You were hungry.

You visited 3 branches of the dungeon, and saw 13 of its levels.
You also visited: Sewer.

You collected 635 gold pieces.
You spent 222 gold pieces at shops.

Inventory:

Hand Weapons
 a - a +3 morningstar (weapon)
 b - a +0 blowgun
 p - a +0 hunting sling
Missiles
 e - 6 curare-tipped needles
 q - 326 stones (quivered)
 y - 7 poisoned needles
 M - 34 sling bullets
Armour
 d - a +1 cloak (worn)
 j - the +1 ring mail "Vuliph" (worn) {Int+6 Dex+4 SInv}
   (You found it on level 5 of the Dungeon)

   It affects your intelligence (+6).
   It affects your dexterity (+4).
   It lets you see invisible.
 v - a +0 buckler (worn)
 w - a +1 pair of gloves (worn)
 Q - a +3 leather armour
Jewellery
 H - an uncursed ring of see invisible
 I - an amulet of dismissal (around neck)
 O - a ring of poison resistance (left hand)
 S - an uncursed ring of flight
 U - a +2 ring of protection (right hand)
Wands
 A - a wand of slowing (14/48)
 Z - a wand of teleportation (3/9)
Scrolls
 z - a scroll of amnesia
 E - 3 scrolls of identify
 F - 2 scrolls of recharging
 G - a scroll of noise
 L - a scroll of fog
 N - 2 scrolls of remove curse
Potions
 f - 2 potions of degeneration {unknown}
 h - 4 potions of lignification
 i - 3 potions of mutation
 k - a potion of ambrosia {unknown}
 n - 5 potions of brilliance
 o - 2 potions of cure mutation {unknown}
 r - 2 potions of might
 s - 2 potions of agility
 t - 2 potions of magic
 u - a potion of invisibility {unknown}
 x - 2 potions of cancellation {unknown}
 B - 3 potions of flight {unknown}
 C - a potion of berserk rage {unknown}
 D - a potion of haste
Books
 J - a Young Poisoner's Handbook

   Spells                             Type                      Level
   a - Sting                          Conjuration/Poison           1
   b - Cure Poison                    Poison                       2
   c - Mephitic Cloud                 Conjuration/Poison/Air       3
   d - Olgreb's Toxic Radiance        Poison                       4
   e - Venom Bolt                     Conjuration/Poison           5
 X - a book of Envenomations

   Spells                             Type                      Level
   a - Spider Form                    Transmutation/Poison         3
   b - Olgreb's Toxic Radiance        Poison                       4
   c - Alistair's Intoxication        Transmutation/Poison         5
   d - Poisonous Cloud                Conjuration/Poison/Air       6
Miscellaneous
 c - a plain deck of war {drawn: 3}
 l - an ornate deck of destruction {drawn: 5}
 P - a plain deck of destruction {drawn: 5}
 V - a plain deck of destruction
 Y - an ornate deck of destruction
Comestibles
 g - 13 bread rations
 K - a slice of pizza
 R - 6 beef jerkies
 W - 15 fruits


   Skills:
 + Level 7.2 Fighting
   Level 2.9 Short Blades
 + Level 6.6 Maces & Flails
 + Level 1.0(4.6) Slings
 + Level 7.2(7.3) Throwing
 + Level 5.3 Armour
 + Level 8.0 Dodging
 + Level 7.1 Stealth
 + Level 0.8 Shields
 + Level 0.5 Spellcasting
 + Level 0.8 Conjurations
 * Level 3.4 Poison Magic
 * Level 3.4 Evocations


You had 10 spell levels left.
You knew the following spells:

 Your Spells              Type           Power        Failure   Level  Hunger
a - Sting                 Conj/Pois      #...         28%         1    ##.....


Dungeon Overview and Level Annotations

Branches:
Dungeon (11/15)            Temple (1/1) D:5            Lair (1/8) D:9
    Orc (0/2) D:9

Altars:
Ashenzari
Cheibriados
Dithmenos
Elyvilon
Fedhas
Gozag
Kikubaaqudgha
Makhleb
Nemelex Xobeh
Okawaru
Pakellas
Qazlal
Ru
Sif Muna
Trog
Vehumet
Xom
Yredelemnul
Zin
The Shining One

Shops:
D:5 ?**

Annotations:
D:6 junkhipster's ghost, novice GrFi
D:10 Erolcha
D:11 Nergalle


Innate Abilities, Weirdness & Mutations

You have a pair of antennae on your head.
You are completely covered in rugged brown scales (AC +3, +7% HP).
You may emit foul miasma when damaged in melee.
You are immune to rotting.


Message History

You throw a stone.
The stone barely misses the komodo dragon.
You hit the komodo dragon.
The komodo dragon is almost dead.
The komodo dragon bites you!!
* * * LOW HITPOINT WARNING * * *
You hit the komodo dragon but do no damage.
The komodo dragon is almost dead.
The komodo dragon completely misses you.
You barely miss the komodo dragon.
The komodo dragon is almost dead.
The komodo dragon bites you but does no damage.
The komodo dragon completely misses you.
Zapping:
Z - a wand of teleportation (4/9)
Press: ? - help, Shift-Dir - straight line, f - you, p - komodo dragon You feel strangely unstable.
This wand has 3 charges left.
You block the komodo dragon's attack. The komodo dragon closely misses you.
The komodo dragon bites you!
You die...
Your body glows with a rainbow of weird colours and disappears.

#.##...#..###.##.#............#.#
(.........###.#..#..............#
........(........#............#..
#...#..#......÷..................
##.##..#....÷.................###
.#..#..#..##.l............)...#
##..#..#...##l##..........%...#
#≈.##..#..###..#..............#
≈≈.##..#...##÷##@#............###
≈≈≈.#.....##.(l.l.....(..........
#≈..#....###..##.#..(............
....##...###..##.#...##......#[..
....##........##..#...###........
.....÷.......###.#...........#...
......%......# #.#..(............
....###..#...# #.............#...
....##...#...P##.#...........#...


You could see 2 komodo dragons.

Vanquished Creatures
  A manticore (D:8)
  A cyclops (D:8)
  5 spiny frogs (Lair:1)
  2 komodo dragons (Lair:1)
  The ghost of meme the Ducker, an amateur SpWn (D:5)
  A wraith (D:11)
  A wyvern (D:8)
  19 yaks
  3 hippogriffs
  A naga (D:8)
  A soldier ant (D:11)
  2 hell hounds (D:9)
  2 water moccasins (Lair:1)
  3 sky beasts
  2 swamp drakes
  An orc warrior (D:8)
  3 phantoms
  3 ogres
  A wasp (D:8)
  5 centaurs
  A wolf (Lair:1)
  3 crocodiles (Lair:1)
  2 big kobolds
  12 giant frogs
  A water moccasin zombie (D:5)
  A scorpion (D:8)
  7 howler monkeys
  3 killer bees (D:10)
  3 wights
  3 crimson imps
  A quasit (D:8)
  5 jellies
  A gnoll shaman (D:5)
  5 hounds
  6 orc priests
  7 orc wizards
  A centaur skeleton (D:9)
  8 iguanas
  9 worker ants
  A killer bee zombie (D:8)
  2 sheep
  A hound zombie (D:8)
  2 hound skeletons
  A worker ant zombie (D:10)
  16 adders
  8 river rats
  3 shadow imps
  An ooze (D:5)
  2 adder skeletons
  2 worms (D:3)
  4 dart slugs
  11 giant geckos
  32 orcs
  6 ball pythons
  4 giant cockroaches
  7 goblins
  10 hobgoblins
  12 jackals
  6 quokkas
  9 bats
  2 giant newts (D:2)
  27 kobolds
  A quokka zombie (D:5)
  26 rats
  2 butterflies (D:5)
335 creatures vanquished.

Vanquished Creatures (collateral kills)
  A wyvern (D:9)
  A yak (D:9)
  A jelly (D:9)
  A worker ant (D:9)
  An adder (D:9)
5 creatures vanquished.

Vanquished Creatures (others)
  A deep elf mage (D:11)
  A giant frog (D:8)
  A giant gecko (D:9)
  A hobgoblin (D:8)
  3 fungi (Lair:1)
  5 plants
12 creatures vanquished.

Grand Total: 352 creatures vanquished

Notes
Turn   | Place    | Note
--------------------------------------------------------------
     0 | D:1      | sarahorange the Demonspawn Assassin began the quest for the Orb.
     0 | D:1      | Reached XP level 1. HP: 16/16 MP: 1/1
   181 | D:1      | Reached skill level 1 in Dodging
   208 | D:1      | Gained mutation: You have a pair of small antennae on your head. [demonic ancestry]
   208 | D:1      | Reached XP level 2. HP: 19/22 MP: 2/2
  1078 | D:2      | Gained mutation: You are immune to rotting. [demonic ancestry]
  1078 | D:2      | Reached XP level 3. HP: 20/27 MP: 3/3
  1854 | D:3      | Reached XP level 4. HP: 21/34 MP: 4/4
  1867 | D:3      | Found a glowing drain.
  2100 | Sewer    | Entered a sewer
  2787 | Sewer    | Reached skill level 2 in Dodging
  3435 | Sewer    | Gained mutation: You may emit foul miasma when damaged in melee. [demonic ancestry]
  3435 | Sewer    | Reached XP level 5. HP: 39/39 MP: 5/5
  3654 | Sewer    | Reached skill level 5 in Stealth
  4634 | D:3      | Reached XP level 6. HP: 28/46 MP: 6/6
  5548 | D:4      | Reached skill level 3 in Dodging
  5760 | D:5      | Entered Level 5 of the Dungeon
  5760 | D:5      | Noticed meme's ghost (amateur SpWn)
  5769 | D:5      | Found Bigiyx's General Store.
  5777 | D:5      | Bought a scroll of teleportation for 36 gold pieces
  5777 | D:5      | Bought a potion of haste for 120 gold pieces
  5777 | D:5      | Bought a scroll of identify for 24 gold pieces
  5823 | D:5      | Found Mops's Magic Scroll Boutique.
  5960 | D:5      | Found a deep blue altar of Sif Muna.
  6724 | D:5      | Gained mutation: You are partially covered in rugged brown scales (AC +1, +3% HP). [demonic ancestry]
  6724 | D:5      | Reached XP level 7. HP: 33/52 MP: 7/7
  7222 | D:5      | Killed meme's ghost
  7222 | D:5      | Reached skill level 4 in Dodging
  7505 | D:5      | Found Laemosite's General Store.
  7803 | D:5      | Got a black opal-encrusted ring mail
  7808 | D:5      | Bought a scroll of remove curse for 42 gold pieces
  8301 | D:4      | Identified the cursed +1 ring mail "Vuliph" {Int+6 Dex+4 SInv} (You found it on level 5 of the Dungeon)
  8370 | D:5      | Gained mutation: You are mostly covered in rugged brown scales (AC +2, +5% HP). [demonic ancestry]
  8370 | D:5      | Reached XP level 8. HP: 44/61 MP: 8/8
  8717 | D:5      | Found a staircase to the Ecumenical Temple.
  8834 | Temple   | Entered the Ecumenical Temple
  9320 | D:6      | Found a shadowy altar of Dithmenos.
  9336 | D:6      | Noticed junkhipster's ghost (novice GrFi)
  9462 | D:6      | Found a sparkling altar of Nemelex Xobeh.
  9470 | D:6      | Became a worshipper of Nemelex Xobeh the Trickster
  9573 | D:6      | Reached skill level 1 in Armour
  9632 | D:6      | Reached skill level 1 in Maces & Flails
  9810 | D:6      | Received a gift from Nemelex Xobeh
  9889 | D:6      | Reached skill level 5 in Dodging
 10003 | D:7      | Found an iron altar of Okawaru.
 10017 | D:7      | Reached * piety under Nemelex Xobeh
 10152 | D:7      | Received a gift from Nemelex Xobeh
 10212 | D:7      | Found a shattered altar of Ashenzari.
 10447 | D:7      | Found a bloodstained altar of Trog.
 10756 | D:7      | Reached skill level 5 in Throwing
 10966 | D:8      | Found a burning altar of Makhleb.
 11045 | D:8      | Found a sacrificial altar of Ru.
 11197 | D:8      | Reached XP level 9. HP: 62/69 MP: 9/9
 11410 | D:8      | Noticed a manticore
 11801 | D:8      | Noticed a troll
 11850 | D:8      | Reached skill level 5 in Fighting
 11917 | D:8      | Reached ** piety under Nemelex Xobeh
 12002 | D:8      | Received a gift from Nemelex Xobeh
 12369 | D:8      | You fall through a shaft for 3 floors!
 12376 | D:11     | Killed a deep elf mage
 12447 | D:11     | Reached skill level 6 in Dodging
 12449 | D:11     | Noticed Nergalle
 12906 | D:10     | Entered Level 10 of the Dungeon
 13334 | D:10     | Noticed a troll
 13447 | D:10     | Noticed Erolcha
 13472 | D:9      | Found a staircase to the Lair.
 13474 | D:9      | Found a staircase to the Orcish Mines.
 13528 | D:8      | Gained mutation: You are completely covered in rugged brown scales (AC +3, +7% HP). [demonic ancestry]
 13528 | D:8      | Reached XP level 10. HP: 56/81 MP: 10/10
 13798 | D:8      | Noticed a cyclops
 13860 | D:8      | Killed a cyclops
 13860 | D:8      | Reached skill level 5 in Maces & Flails
 14051 | D:8      | Killed a manticore
 14757 | D:9      | Received a gift from Nemelex Xobeh
 14889 | D:9      | Reached skill level 7 in Dodging
 15399 | D:9      | Reached *** piety under Nemelex Xobeh
 15508 | D:9      | Reached skill level 5 in Armour
 15535 | D:9      | Reached skill level 1 in Evocations
 15853 | D:9      | Learned a level 1 spell: Sting
 16010 | Lair:1   | Entered Level 1 of the Lair of Beasts
 16058 | Lair:1   | Noticed a spiny frog
 16071 | Lair:1   | Killed a spiny frog
 16075 | Lair:1   | Noticed a spiny frog
 16094 | Lair:1   | Killed a spiny frog
 16094 | Lair:1   | Gained mutation: You have a pair of antennae on your head. [demonic ancestry]
 16094 | Lair:1   | Reached XP level 11. HP: 35/88 MP: 10/12
 16322 | Lair:1   | Noticed Grum
 16346 | Lair:1   | Noticed Grum
 16346 | Lair:1   | Grum changed into Grum the howler monkey
 16353 | Lair:1   | Killed Grum the howler monkey
 16383 | Lair:1   | Reached skill level 1 in Poison Magic
 16796 | Lair:1   | Received a gift from Nemelex Xobeh
 17547 | Lair:1   | Reached skill level 1 in Slings
 17868 | Lair:1   | Received a gift from Nemelex Xobeh
 17977 | Lair:1   | Reached skill level 8 in Dodging
 18005 | Lair:1   | Slain by a komodo dragon

Skill      XL: |  1  2  3  4  5  6  7  8  9 10 11 |
---------------+----------------------------------+-----
Dodging        | 1 2 3 4 5 6 7 8 |  8.0
Stealth        | 4 5 6 7 |  7.1
Throwing       | 2 3 4 5 7 |  7.2
Short Blades   | 2 |  2.9
Fighting       | 3 4 5 6 7 |  7.2
Armour         | 2 4 5 |  5.3
Maces & Flails | 3 4 6 |  6.6
Evocations     | 1 3 |  3.4
Poison Magic   | 3 |  3.4
Slings         | 1 |  1.0
Shields        | |  0.8
Spellcasting   | |  0.5
Conjurations   | |  0.8

Action                   |  1- 3 |  4- 6 |  7- 9 | 10-12 || total
-------------------------+-------+-------+-------+-------++-------
Melee: Dagger            |   147 |   284 |   285 |       ||   716
       Morningstar       |       |       |   393 |   367 ||   760
 Fire: Blowgun           |     5 |    80 |    53 |    95 ||   233
       Hunting sling     |       |       |       |    33 ||    33
Throw: Stone             |       |   117 |    89 |   132 ||   338
       Throwing net      |       |       |       |     2 ||     2
 Cast: Sting             |       |       |       |    23 ||    23
Invok: Triple Draw       |       |       |       |     1 ||     1
Evoke: Deck              |       |       |     7 |     8 ||    15
       Wand              |       |       |       |     1 ||     1
  Use: Scroll            |       |    12 |     9 |     9 ||    30
       Potion            |       |     6 |    10 |     2 ||    18
 Stab: Sleeping          |     5 |     3 |    11 |     3 ||    22
       Distracted        |       |     1 |       |       ||     1
       Invisible         |       |       |       |     4 ||     4
       Confused          |       |       |       |     1 ||     1
  Eat: Chunk             |     2 |     4 |     9 |     5 ||    20
       Fruit             |     1 |     1 |     1 |     1 ||     4
       Bread ration      |       |     1 |     1 |       ||     2
       Pizza             |       |     1 |     1 |     1 ||     3
       Meat ration       |       |     1 |     2 |     1 ||     4
Armor: Robe              |    25 |    72 |    68 |       ||   165
       Ring mail         |       |       |   183 |   131 ||   314
       Skin              |       |       |       |     9 ||     9
Dodge: Dodged            |    70 |   182 |   487 |   271 ||  1010
Block: Buckler           |       |       |       |    69 ||    69
